 Dungeon Crawl Stone Soup version 0.21.0-3-g78d12a8 (webtiles) character file.

215 tidbits the Sneak (level 5, -1/28 HPs)
             Began as a Vine Stalker Wizard on Jan 10, 2018.
             Slain by an ogre
             ... wielding a +0 giant club
              (16 damage)
             ... on level 3 of the Dungeon.
             The game lasted 00:11:54 (1569 turns).

tidbits the Sneak (Vine Stalker Wizard)             Turns: 1569, Time: 00:11:55

Health: -1/28      AC:  5    Str: 10 (11) XL:     5   Next: 92%
Magic:  0/10       EV: 10    Int: 18      God:
Gold:   82         SH:  0    Dex: 12      Spells: 9/10 levels left

rFire    . . .     SeeInvis .   a - +2 hand axe (venom)
rCold    + . .     Gourm    .   (no shield)
rNeg     . . .     Faith    .   B - +0 ring mail
rPois    .         Spirit   +   E - +0 hat
rElec    .         Reflect  .   (no cloak)
rCorr    .         Harm     .   (no gloves)
MR       .....                  (no boots)
Stlth    ++........             m - amulet of magic regeneration
HPRegen  0.49/turn              n - ring of protection from cold
MPRegen  0.37/turn              (no ring)

@: no status effects
A: fangs 2, regeneration 1, magic shield, antimagic bite, no potion heal 3, rot
immunity
a: no special abilities


You were on level 3 of the Dungeon.
You were not hungry.

You visited 1 branch of the dungeon, and saw 4 of its levels.

You collected 82 gold pieces.

Inventory:

Hand Weapons
 a - a +2 hand axe of venom (weapon)
   (You found it on level 2 of the Dungeon)
 d - a +0 dagger
 g - a +0 hunting sling
 h - a +0 club
 k - a +0 whip
 l - a +0 trident
Missiles
 e - 25 stones (quivered)
 j - 18 arrows
Armour
 b - a +0 robe
 B - a +0 ring mail (worn)
 E - a +0 hat (worn)
Jewellery
 m - an amulet of magic regeneration (around neck)
   (You found it on level 1 of the Dungeon)
 n - a ring of protection from cold (left hand)
   (You found it on level 2 of the Dungeon)
Wands
 r - a wand of flame (36)
Scrolls
 i - a scroll of identify
 o - a scroll of immolation
Potions
 s - a potion of magic
Books
 q - a book of Minor Magic

   Spells                             Type                      Level
   a - Magic Dart                     Conjuration                  1
   b - Blink                          Translocation                2
   c - Call Imp                       Summoning                    2
   d - Slow                           Hexes                        2
   e - Conjure Flame                  Conjuration/Fire             3
   f - Mephitic Cloud                 Conjuration/Poison/Air       3
Comestibles
 c - 6 rations
 p - 2 chunks of flesh


   Skills:
 + Level 3.3 Fighting
 - Level 1.5 Dodging
 + Level 5.7 Stealth
 - Level 3.2 Spellcasting
 - Level 1.0 Conjurations
   Level 1.0 Summonings
   Level 1.0 Translocations


You had 9 spell levels left.
You knew the following spells:

 Your Spells              Type           Power        Failure   Level  Hunger
a - Magic Dart            Conj           #...         26%         1    None


Dungeon Overview and Level Annotations

Branches:
Dungeon (4/15)
 Temple: D:4-7

Altars:
Ru
Yredelemnul

Annotations:
D:4 exclusion: orc priest


Innate Abilities, Weirdness & Mutations

You have extremely sharp teeth.
Your natural rate of healing is unusually fast.
When hurt, damage is shared between your health and your magic reserves.
Your bite disrupts and absorbs the magic of your enemies.
Potions cannot restore your health.
You are immune to rotting.


Message History

You closely miss the phantom. The phantom hits you.
As you read the scroll labeled EGARUL ISAYRGH, it crumbles to dust.
It is a scroll of identify.
o - a scroll of immolation The phantom completely misses you.
Okay, then.
Adjust (i)tems, (s)pells, or (a)bilities?
Adjust which item? (? for menu, Esc to quit)
j - a scroll of identify Adjust to which letter? (? for menu, Esc to quit)
i - a scroll of identify;
j - 18 arrows Unknown command.
Okay, then.
You feel clever all of a sudden. The phantom closely misses you.
You hit the phantom but do no damage. Your bite misses the phantom.
The phantom hits you! The phantom closely misses you.
Casting: Magic Dart
Confirm with . or Enter, or press ? or * to list all spells.
Aiming: Magic Dart
Press: ? - help, Shift-Dir - straight line, f - phantom
Aim: a phantom The magic dart hits the phantom.
The phantom is lightly damaged.
The phantom blinks!
The phantom barely misses you. The phantom misses you.
An ogre comes into view. It is wielding a giant club.
The phantom blinks!
The phantom blinks!
The ogre hits you with a giant club.
The jelly quivers.
The jelly hits you but does no damage.
Casting: Magic Dart
Confirm with . or Enter, or press ? or * to list all spells.
Aiming: Magic Dart
Press: ? - help, Shift-Dir - straight line, f - jelly
Aim: a jelly The magic dart hits the jelly.
The jelly is lightly wounded.
The jelly hits you. The acid corrodes you!
You are splashed with acid!
The acid burns!
Casting: Magic Dart
Confirm with . or Enter, or press ? or * to list all spells.
Aiming: Magic Dart
Press: ? - help, Shift-Dir - straight line, f/p - jelly
Aim: a jelly (lightly wounded)
The magic dart hits the jelly.
The jelly is heavily wounded.
The jelly hits you.
You are splashed with acid!
The acid burns!
* * * LOW HITPOINT WARNING * * *
Casting: Magic Dart
Confirm with . or Enter, or press ? or * to list all spells.
Aiming: Magic Dart
Press: ? - help, Shift-Dir - straight line, f/p - jelly
Aim: a jelly (heavily wounded)
The magic dart hits the jelly.
The jelly is severely wounded.
The jelly barely misses you.
Casting: Magic Dart
Confirm with . or Enter, or press ? or * to list all spells.
Aiming: Magic Dart
Press: ? - help, Shift-Dir - straight line, f/p - jelly
Aim: a jelly (severely wounded)
The magic dart hits the jelly.
The jelly is almost dead.
The jelly closely misses you.
Casting: Magic Dart
Confirm with . or Enter, or press ? or * to list all spells.
Aiming: Magic Dart
Press: ? - help, Shift-Dir - straight line, f/p - jelly
Aim: a jelly (almost dead)
The magic dart hits the jelly.
You kill the jelly!
You feel your dexterity returning.
The phantom blinks!
The ogre barely misses you.
The phantom blinks!
You are no longer corroded.
The phantom blinks!
Found a stone staircase leading up.
The phantom blinks!
There is a stone staircase leading up here.
The ogre barely misses you. The phantom hits you!
You climb upwards.
Found 10 stones.
There is a stone staircase leading down here.
Unknown command.
The phantom hits you.
The phantom blinks!
You feel a little less clever now.
You closely miss the phantom. Your bite misses the phantom. You hit the ogre.
The ogre is poisoned.
The phantom hits you but does no damage.
The ogre hits you with a giant club!
* * * LOW HITPOINT WARNING * * *
You barely miss the ogre.
The ogre is lightly wounded.
You barely miss the phantom. The phantom barely misses you.
The ogre hits you with a giant club!!
Ouch! That really hurt!
You die...

##################
.....(.>.O@W......
#######.########.#
#.# #.# #.# #.#
... #.#


You could see a phantom and an ogre.

Vanquished Creatures
  A hound (D:4)
  A jelly (D:4)
  An orc wizard (D:4)
  2 adders
  3 gnolls (D:3)
  3 oozes
  A dart slug (D:2)
  4 leopard geckos
  An orc (D:4)
  2 ball pythons
  6 bats
  2 giant cockroaches
  6 goblins
  6 hobgoblins
  2 jackals (D:4)
  2 quokkas (D:2)
  3 frilled lizards
  6 kobolds
  9 rats
61 creatures vanquished.

Notes
Turn   | Place    | Note
-------+----------+-------------------------------------------
     0 | D:1      | tidbits the Vine Stalker Wizard began the quest for the Orb.
     0 | D:1      | Reached XP level 1. HP: 9/9 MP: 5/5
   130 | D:1      | Reached XP level 2. HP: 14/14 MP: 0/7
   148 | D:1      | Reached skill level 3 in Stealth
   162 | D:1      | Reached skill level 1 in Fighting
   343 | D:1      | You fall through a shaft!
   473 | D:1      | Reached XP level 3. HP: 5/18 MP: 0/8
   792 | D:2      | Reached skill level 2 in Fighting
   792 | D:2      | Reached skill level 4 in Stealth
   841 | D:2      | Gained mutation: Your natural rate of healing is unusually fast. [Vine Stalker growth]
   841 | D:2      | Reached XP level 4. HP: 15/23 MP: 4/9
  1264 | D:3      | Reached XP level 5. HP: 27/27 MP: 10/10
  1367 | D:3      | Found a sacrificial altar of Ru.
  1429 | D:4      | Reached skill level 3 in Fighting
  1429 | D:4      | Reached skill level 5 in Stealth
  1476 | D:4      | Noticed a phantom
  1508 | D:4      | Noticed a phantom
  1522 | D:4      | Found a basalt altar of Yredelemnul.
  1532 | D:4      | Noticed an ogre
  1569 | D:3      | Slain by an ogre

Skill      XL: |  1  2  3  4  5 |
---------------+----------------+-----
Stealth        | 3 4 5 |  5.7
Fighting       | 1 2 3 |  3.3
Dodging        | |  1.5
Spellcasting   | |  3.2
Conjurations   | |  1.0
Summonings     | |  1.0
Translocations | |  1.0

Action                   |  1- 3 |  4- 6 || total
-------------------------+-------+-------++-------
Melee: Unarmed           |    40 |       ||    40
       Bite              |     8 |     4 ||    12
       Club              |    19 |     1 ||    20
       Hand axe          |       |    52 ||    52
       Whip              |       |     1 ||     1
       Dagger            |       |     1 ||     1
 Cast: Magic Dart        |    73 |    36 ||   109
  Use: Potion            |     2 |     3 ||     5
       Scroll            |       |     1 ||     1
 Stab: Sleeping          |     2 |     3 ||     5
  Eat: Chunk             |       |     2 ||     2
Armor: Ring mail         |    22 |    20 ||    42
       Robe              |     4 |       ||     4
Dodge: Dodged            |    48 |    38 ||    86

Table legend:
 A = Turns spent in this place as a percentage of turns spent in the entire game.
 B = Non-inter-level travel turns spent in this place as a percentage of non-inter-level travel turns spent in the entire game.
 C = Inter-level travel turns spent in this place as a percentage of turns spent in this place.
 D = Turns resting spent in this place as a percentage of non-inter-level travel turns spent in this place.
 E = Turns spent auto-exploring this place as a percentage of non-inter-level travel turns spent in this place.
 F = Non-inter-level travel turns spent in this place divided by the number of levels of this place that you've seen.
                   A       B       C       D       E      F
               +-------+-------+-------+-------+-------+----------------------
         Total | 100.0 | 100.0 |   8.5 |   0.0 |   0.0 | 359.0
       Dungeon | 100.0 | 100.0 |   8.5 |   0.0 |   0.0 | 359.0
               +-------+-------+-------+-------+-------+----------------------

Table legend:
 A = Kills in this place as a percentage of kills in entire the game.
 B = Kills by you in this place as a percentage of kills by you in the entire game.
 C = Kills by friends in this place as a percentage of kills by friends in the entire game.
 D = Other kills in this place as a percentage of other kills in the entire game.
 E = Experience gained in this place as a percentage of experience gained in the entire game.
 F = Experience gained in this place divided by the number of levels of this place that you have seen.
                   A       B       C       D       E      F
               +-------+-------+-------+-------+-------+----------------------
         Total | 100.0 | 100.0 |   N/A |   N/A | 100.0 |  77.0
       Dungeon | 100.0 | 100.0 |   N/A |   N/A | 100.0 |  77.0
               +-------+-------+-------+-------+-------+----------------------

Vault maps used:
D:1:      minmay_arrival_nine_rooms, serial_glass, glass_columns_a,
          glass_columns_c, glass_columns_c, glass_columns_a, glass_columns_a,
          glass_columns_c, glass_columns_b, glass_columns_a, feat_on_display,
          feat_on_display, corexii_corridor_pit
D:2:      first_ration
D:3:      nicolae_ru_path_of_blood, tgw_xom, uniq_terence
D:4:      kennysheep_ying_yang, grunt_temple_overflow_diamond, nzn_random_ring,
          uniq_blork_the_orc
